 Dungeon Crawl Stone Soup version 0.30-b1-2-g02819fbbbe (webtiles) character file.

Game seed: 1250107145232881705

2165 Fartwhistle the Skirmisher (level 9, -14/70 HPs)
             Began as a Gnoll Hunter on Sept 12, 2023.
             Was an Elder of Kikubaaqudgha.
             Demolished by a red ugly thing (22 damage)
             ... on level 7 of the Dungeon.
             The game lasted 00:16:33 (6073 turns).

Fartwhistle the Skirmisher (Gnoll Hunter)           Turns: 6073, Time: 00:16:34

Health: -14/70     AC: 12    Str: 11    XL:     9   Next: 32%
Magic:  15/15      EV: 14    Int: 12    God:    Kikubaaqudgha [****..]
Gold:   308        SH:  0    Dex: 16    Spells: 7/16 levels left

rFire   . . .        a - +0 shortbow
rCold   . . .        (shield currently unavailable)
rNeg    . . .        c - +0 leather armour
rPois   +            y - +0 helmet
rElec   .            k - +0 cloak
rCorr   .            e - +0 pair of gloves
SInv    .            I - +0 pair of boots
Will    .....        (no amulet)
Stlth   +++          o - ring of poison resistance
HPRegen 0.31/turn    r - +4 ring of protection
MPRegen 0.14/turn

%: no passive effects
@: no status effects
A: fangs 1, strong nose, distributed training
a: Renounce Religion, Unearth Wretches


You were on level 7 of the Dungeon.
You worshipped Kikubaaqudgha.
Kikubaaqudgha was greatly pleased with you.
You visited 1 branch of the dungeon, and saw 7 of its levels.
You also visited: Ossuary.

You collected 308 gold pieces.

Inventory:

Hand Weapons
 a - a +0 shortbow (weapon)
 h - a +1 hand axe of flaming
Missiles
 l - 6 boomerangs
 s - 3 poisoned darts
Armour
 c - a +0 leather armour (worn)
 e - a +0 pair of gloves (worn)
 k - a +0 cloak (worn)
 y - a +0 helmet (worn)
 I - a +0 pair of boots (worn)
Jewellery
 o - a ring of poison resistance (left hand)
 r - a +4 ring of protection (right hand)
Wands
 u - a wand of charming (9)
 L - a wand of flame (13)
Scrolls
 b - 2 scrolls of immolation
 g - a scroll of vulnerability {unknown}
 m - 6 scrolls of teleportation
 t - a scroll of enchant weapon
 w - 2 scrolls of poison
 x - 2 scrolls of torment
 z - a scroll of fear {unknown}
 B - a scroll of amnesia {unknown}
 E - a scroll of magic mapping {unknown}
 G - 2 scrolls of blinking {unknown}
 J - a scroll of silence {unknown}
 M - a scroll of enchant armour {unknown}
 N - a scroll of identify
Potions
 d - a potion of magic {unknown}
 f - 2 potions of might {unknown}
 i - 7 potions of heal wounds
 j - 3 potions of attraction
 n - 2 potions of lignification {unknown}
 p - 2 potions of flight {unknown}
 q - 7 potions of curing
 A - 5 potions of mutation {unknown}
 C - a potion of degeneration {unknown}
 D - a potion of resistance {unknown}
 F - a potion of berserk rage {unknown}
 H - a potion of brilliance {unknown}
 K - a potion of haste {unknown}


   Skills:
 + Level 6.3 Fighting
 + Level 4.3 Short Blades
 + Level 4.3 Long Blades
 + Level 4.3 Axes
 + Level 4.3 Maces & Flails
 + Level 4.3 Polearms
 + Level 4.3 Staves
 + Level 9.6 Ranged Weapons
 + Level 4.3 Throwing
 + Level 4.3 Armour
 + Level 6.3 Dodging
 + Level 5.0 Stealth
 + Level 4.3 Shields
 + Level 4.3 Unarmed Combat
 + Level 4.3 Spellcasting
 + Level 3.5 Conjurations
 + Level 3.5 Hexes
 + Level 3.5 Summonings
 + Level 3.5 Necromancy
 + Level 3.5 Translocations
 + Level 3.5 Transmutations
 + Level 3.5 Fire Magic
 + Level 3.5 Ice Magic
 + Level 3.5 Air Magic
 + Level 3.5 Earth Magic
 + Level 3.5 Poison Magic
 + Level 4.7 Invocations
 + Level 4.3 Evocations


You had 7 spell levels left.
You knew the following spells:

 Your Spells              Type           Power      Damage    Failure   Level
a - Necrotise             Necr           44%        1d6       6%          1
b - Cigotuvi's Dreadful   Necr/Pois/Air  22%        N/A       10%         2
c - Summon Small Mammal   Summ           44%        N/A       6%          1
d - Sublimation of Blood  Necr           11%        N/A       10%         2
e - Ozocubu's Armour      Ice            11%        N/A       19%         3

Your spell library contained the following spells:

 Spells                   Type           Power      Damage    Failure   Level
 Apportation              Tloc           22%        N/A       6%          1
 Freeze                   Ice            44%        1d6       6%          1
 Magic Dart               Conj           44%        1d5       6%          1
 Slow                     Hex            44%        N/A       6%          1
 Searing Ray              Conj           22%        2d5       10%         2
 Confusing Touch          Hex            11%        N/A       19%         3
 Gell's Gravitas          Tloc           11%        N/A       19%         3
 Teleport Other           Tloc           11%        N/A       19%         3
 Vampiric Draining        Necr           11%        2d6       19%         3
 Animate Dead             Necr           11%        N/A       54%         4
 Dispel Undead            Necr           11%        3d9       54%         4
 Fulminant Prism          Conj/Hex       5%         3d6       54%         4
 Ice Form                 Ice/Tmut       11%        N/A       54%         4
 Agony                    Necr           11%        N/A       87%         5
 Borgnjor's Vile Clutch   Necr/Erth      5%         N/A       87%         5
 Death Channel            Necr           5%         N/A       100%        6
 Dispersal                Tloc           5%         N/A       100%        6
 Polar Vortex             Ice            5%         N/A       100%        9


Dungeon Overview and Level Annotations

Branches:
Dungeon (7/15)             Temple (0/1) D:4         Ossuary (visited)

Altars:
Fedhas
Gozag
Kikubaaqudgha
Makhleb
Okawaru

Shops:
D:4 [


Innate Abilities, Weirdness & Mutations

You have very sharp teeth.
Your uncanny sense of smell can sniff out nearby items.
Your experience applies equally to all skills.


Message History

No target in view!
No target in view!
N - a scroll of identify
Things that are here:
a +0 falchion; a +0 robe You now have 308 gold pieces (gained 18).
A red ugly thing is nearby!
You shoot an arrow. The red ugly thing gurgles horribly!
The arrow hits the red ugly thing but does no damage.
You shoot an arrow.
The arrow completely misses the red ugly thing.
You shoot an arrow.
The arrow barely misses the red ugly thing.
A howler monkey comes into view.
You shoot an arrow. The arrow hits the red ugly thing.
The red ugly thing is lightly wounded.
The red ugly thing attacks as you move away!
The red ugly thing closely misses you.
You shoot an arrow.
The arrow barely misses the red ugly thing.
The arrow hits the howler monkey!
The howler monkey is heavily wounded.
The red ugly thing engulfs you but does no damage.
You shoot an arrow.
The arrow closely misses the red ugly thing.
The arrow hits the howler monkey!
You kill the howler monkey!
Kikubaaqudgha accepts your kill. The red ugly thing engulfs you.
You are engulfed in flames!
Your life force feels restored.
Your Stealth skill increases to level 5!
The red ugly thing engulfs you.
You are engulfed in flames!!
* * * LOW HITPOINT WARNING * * *
As you read the scroll of summoning, it crumbles to dust.
Wisps of shadow whirl around you... The red ugly thing engulfs you!
* * * LOW HITPOINT WARNING * * *
You are engulfed in flames!!
You die...
Kikubaaqudgha rasps: "You have failed me!
Welcome... death!"

########### #....5u@Jo#
#.. #### #.#######o#
#.# .).###'##### #.#
#.# #.........# #.# #.#
#oo.......# #.# #.#
#.h.......# #)# #.#
#.....#<#'#######)###.#
#.....#.#.#
#...)....#########
#.... #...#
#.#...............∆


You could see a red ugly thing (ally target), a friendly jelly (summoned), a
friendly orc wizard (summoned), a friendly white imp (summoned) and a friendly
orc (summoned).

Vanquished Creatures
  Sigmund (D:4)
  An orc warrior (D:7)
  2 black bears
  A bullfrog (D:4)
  A necrophage (D:4)
  4 water moccasin zombies (Ossuary)
  2 scorpions
  6 wights
  A howler monkey (D:7)
  A human zombie (D:4)
  A gnoll bouda (D:6)
  An orc priest (D:4)
  2 hounds (D:6)
  2 jellies
  A sleepcap (D:6)
  4 iguanas
  3 orc wizards
  2 scorpion zombies (D:4)
  2 hound zombies (D:4)
  4 mummies
  Robin (D:4)
  2 howler monkey zombies (D:4)
  5 gnolls (D:6)
  8 adders
  A shadow imp (D:6)
  2 white imps (D:6)
  An ufetubus (D:6)
  6 adder zombies
  2 worms
  A dart slug (D:2)
  20 orcs
  8 ball pythons
  4 endoplasms
  13 giant cockroaches
  4 gnoll zombies (Ossuary)
  19 goblins
  8 hobgoblins
  6 jackals (D:1)
  A quokka (D:4)
  4 bats
  A frilled lizard (D:3)
  A goblin zombie (D:5)
  6 hobgoblin zombies
  3 kobolds
  4 kobold zombies (Ossuary)
  5 orc zombies (Ossuary)
  5 rats
183 creatures vanquished.

Vanquished Creatures (collateral kills)
  A jelly (D:6)
1 creature vanquished.

Vanquished Creatures (others)
  A fungus (D:6)
1 creature vanquished.

Grand Total: 185 creatures vanquished

Notes
Turn   | Place    | Note
-------+----------+-------------------------------------------
     0 | D:1      | Fartwhistle the Gnoll Hunter began the quest for the Orb.
     0 | D:1      | Reached XP level 1. HP: 20/20 MP: 1/1
   101 | D:1      | Reached XP level 2. HP: 26/26 MP: 2/2
   152 | D:1      | Found a faded altar of an unknown god.
   177 | D:1      | Prayed at the altar of an unknown god.
   177 | D:1      | Became a worshipper of Kikubaaqudgha
   177 | D:1      | Reached * piety under Kikubaaqudgha
   177 | D:1      | Received a gift from Kikubaaqudgha
   390 | D:1      | Reached XP level 3. HP: 30/31 MP: 3/3
   850 | D:2      | Reached skill level 1 in Invocations
  1314 | D:2      | Reached skill level 1 in Short Blades
  1314 | D:2      | Reached skill level 1 in Long Blades
  1314 | D:2      | Reached skill level 1 in Axes
  1314 | D:2      | Reached skill level 1 in Maces & Flails
  1314 | D:2      | Reached skill level 1 in Polearms
  1314 | D:2      | Reached skill level 1 in Staves
  1314 | D:2      | Reached skill level 1 in Throwing
  1314 | D:2      | Reached skill level 1 in Armour
  1314 | D:2      | Reached skill level 1 in Shields
  1314 | D:2      | Reached skill level 1 in Unarmed Combat
  1314 | D:2      | Reached skill level 1 in Spellcasting
  1314 | D:2      | Reached skill level 1 in Evocations
  1539 | D:2      | Reached XP level 4. HP: 37/38 MP: 5/5
  1556 | D:2      | Reached ** piety under Kikubaaqudgha
  1760 | D:3      | Reached skill level 1 in Conjurations
  1760 | D:3      | Reached skill level 1 in Hexes
  1760 | D:3      | Reached skill level 1 in Summonings
  1760 | D:3      | Reached skill level 1 in Necromancy
  1760 | D:3      | Reached skill level 1 in Translocations
  1760 | D:3      | Reached skill level 1 in Transmutations
  1760 | D:3      | Reached skill level 1 in Fire Magic
  1760 | D:3      | Reached skill level 1 in Ice Magic
  1760 | D:3      | Reached skill level 1 in Air Magic
  1760 | D:3      | Reached skill level 1 in Earth Magic
  1760 | D:3      | Reached skill level 1 in Poison Magic
  1803 | D:3      | Reached XP level 5. HP: 43/43 MP: 5/7
  2081 | D:3      | Found a blossoming altar of Fedhas.
  2280 | D:4      | Learned a level 1 spell: Necrotise
  2322 | D:4      | Noticed Robin
  2502 | D:4      | Found Yhunwexzur's Armour Boutique.
  2556 | D:3      | Reached XP level 6. HP: 37/50 MP: 8/8
  2721 | D:4      | Reached skill level 5 in Fighting
  2721 | D:4      | Reached skill level 5 in Dodging
  2746 | D:4      | Killed Robin
  2784 | D:4      | Reached *** piety under Kikubaaqudgha
  2784 | D:4      | Received a gift from Kikubaaqudgha
  2785 | D:4      | Found a staircase to the Ecumenical Temple.
  2789 | D:4      | Learned a level 2 spell: Cigotuvi's Dreadful Rot
  2994 | D:4      | Reached XP level 7. HP: 53/56 MP: 10/10
  3100 | D:4      | Noticed Sigmund
  3306 | D:4      | Learned a level 1 spell: Summon Small Mammal
  3377 | D:4      | Reached skill level 9 in Ranged Weapons
  3417 | D:4      | Found an ancient bone altar of Kikubaaqudgha.
  3550 | D:4      | Killed Sigmund
  3551 | D:4      | Reached XP level 8. HP: 59/63 MP: 12/12
  3672 | D:5      | Entered Level 5 of the Dungeon
  4018 | D:5      | Found a sand-covered staircase.
  4027 | Ossuary  | Entered an ossuary
  4188 | Ossuary  | Reached **** piety under Kikubaaqudgha
  4765 | D:6      | Learned a level 2 spell: Sublimation of Blood
  5016 | D:6      | Found an iron altar of Okawaru.
  5320 | D:6      | Reached XP level 9. HP: 47/69 MP: 14/14
  5416 | D:6      | Got the Directory of the Winter
  5507 | D:6      | Found a burning altar of Makhleb.
  5507 | D:6      | Found an opulent altar of Gozag.
  5653 | D:6      | Learned a level 3 spell: Ozocubu's Armour
  5760 | D:7      | Noticed a red ugly thing
  6072 | D:7      | Reached skill level 5 in Stealth
  6073 | D:7      | Demolished by a red ugly thing

Illustrated notes

Levels and vault maps discovered:
D:1:      ncdulo_watergridlock, layout_loops_ring,
          hellmonk_ecumenical_altar_inner_sanctum
D:2:      minmay_roachtagon, layout_basic
D:3:      layout_loops_ring, fedhas_altar_fruit_tree
D:4:      layout_rooms, lemuel_mausoleum_altar_kikubaaqudgha,
          minmay_temple_entry_purple_smoke, minivault_1, nicolae_stop_n_shop_1,
          chequers_serial_rivers_micro_c, minmay_misc_feat_chi, uniq_sigmund,
          uniq_robin
D:5:      layout_basic, nicolae_ossuary_entry_giza
D:6:      minmay_general_purpose_star, layout_basic,
          mainiacjoe_overflow_cross_hatched, gammafunk_temple_overflow_wave
D:7:      hangedman_cross_stitches, layout_basic, kennysheep_boxes

Skill      XL: |  1  2  3  4  5  6  7  8  9 |
---------------+----------------------------+-----
Invocations    | 1 2 3 4 |  4.7
Short Blades   | 1 2 3 4 |  4.3
Long Blades    | 1 2 3 4 |  4.3
Axes           | 1 2 3 4 |  4.3
Maces & Flails | 1 2 3 4 |  4.3
Polearms       | 1 2 3 4 |  4.3
Staves         | 1 2 3 4 |  4.3
Throwing       | 1 2 3 4 |  4.3
Armour         | 1 2 3 4 |  4.3
Shields        | 1 2 3 4 |  4.3
Unarmed Combat | 1 2 3 4 |  4.3
Spellcasting   | 1 2 3 4 |  4.3
Evocations     | 1 2 3 4 |  4.3
Conjurations   | 1 2 3 |  3.5
Hexes          | 1 2 3 |  3.5
Summonings     | 1 2 3 |  3.5
Necromancy     | 1 2 3 |  3.5
Translocations | 1 2 3 |  3.5
Transmutations | 1 2 3 |  3.5
Fire Magic     | 1 2 3 |  3.5
Ice Magic      | 1 2 3 |  3.5
Air Magic      | 1 2 3 |  3.5
Earth Magic    | 1 2 3 |  3.5
Poison Magic   | 1 2 3 |  3.5
Stealth        | 3 4 5 |  5.0
Fighting       | 5 6 |  6.3
Dodging        | 5 6 |  6.3
Ranged Weapons | 9 |  9.6

Action                     |  1- 3 |  4- 6 |  7- 9 || total
---------------------------+-------+-------+-------++-------
  Melee: Hand axe          |       |       |    89 ||    89
         Bite              |       |       |    20 ||    20
         Punch             |       |       |     3 ||     3
   Fire: Shortbow          |    90 |   154 |   368 ||   612
   Cast: Cigotuvi's Dreadf |       |     1 |       ||     1
         Summon Small Mamm |       |       |     6 ||     6
    Use: Scroll            |       |       |    10 ||    10
   Stab: Sleeping          |       |       |     4 ||     4
 Armour: Leather armour    |     4 |    35 |   109 ||   148
  Dodge: Dodged            |    15 |    45 |   224 ||   284
